cohdb
Replays
Latest Replays
All Replays
Popular Replays
Top Player Replays
Match Explorer
How It Works
Community
CoH3 Stats
Reddit
Sign in to upload your games and track your stats! →
Sign in with Steam
Match 40983297
Unlisted
Match 40983297
Overview
Messages
Build Orders
End
Royal Engineer Section
Royal Engineer Section
Construct Section Command Post
Infantry Section
Infantry Section
Infantry Section
Selects Canadian Shock Battlegroup
Selects Attacking Spirit
Selects Canadian Shock Section
Construct Field Infirmary
Selects Incendiary Munitions
Construct Platoon Command Post
Infantry Training
Selects Pyrotechnics
Unlock M3 Stuart Light Tanks
M3 Stuart Light Tank
Wolfe
Kasim-GJW
0
0
Comments
sign in to comment!
No comments posted yet!